XFBL
CINCINNATI REDS @ PITTSBURGH PIRATES
05/16/1982
 
TOP OF THE 1ST
Cincinnati Reds batting - Pitching for Pittsburgh Pirates : LHP Juan Agosto
Pitching: LHP Juan Agosto
Batting: RHB Jim Anderson 0-0: Ball
1-0: Ground out 4-3 (Groundball, 4, EV 108.1 MPH)
Batting: RHB Nick Deurloo 0-0: Fly out, F8 (Flyball, 89XD, EV 105.6 MPH)
Batting: LHB Mike Easler 0-0: Ball
1-0: Called Strike
1-1: Ball
2-1: Ground out 6-3 (Groundball, 6S, EV 80.6 MPH)
Top of the 1st over - 0 runs, 0 hits, 0 errors, 0 left on base; Cincinnati 0 - Pittsburgh 0
BOTTOM OF THE 1ST
Pittsburgh Pirates batting - Pitching for Cincinnati Reds : RHP Tony Guzman
Pitching: RHP Tony Guzman
Batting: RHB Dan Gladden 0-0: Ball
1-0: SINGLE (Line Drive, 34, EV 98.8 MPH)
Batting: RHB Mike C Brown 0-0: Ball
1-0: Called Strike
1-1: Ball
2-1: Ball
3-1: Fly out, F7 (Flyball, 7S, EV 81.3 MPH)
Batting: RHB Rennie Stennett 0-0: Ball
1-0: Foul Ball, location: 2F
1-1: Foul Ball, location: 2F
1-2: Ball
2-2: Strikes out swinging
Batting: LHB Robert Lopez 0-0: Ball
1-0: Called Strike
1-1: Foul Ball, location: 2F
1-2: Ball
2-2: SINGLE (Flyball, 7S, EV 87.5 MPH)
Dan Gladden to second
Dan Gladden to third
Batting: LHB Greg Walker 0-0: Ball
1-0: Fly out, F9 (Flyball, 9S, EV 78.1 MPH)
Bottom of the 1st over - 0 runs, 2 hits, 0 errors, 2 left on base; Cincinnati 0 - Pittsburgh 0
TOP OF THE 2ND
Cincinnati Reds batting - Pitching for Pittsburgh Pirates : LHP Juan Agosto
Batting: RHB Johnny Bench 0-0: Called Strike
0-1: Ball
1-1: Ball
2-1: Ball
3-1: Base on Balls
Batting: LHB Darrell Evans 0-0: Called Strike
0-1: Ball
1-1: Foul Ball, location: 2F
1-2: Ball
2-2: Strikes out swinging
Batting: RHB Gary Matthews 0-0: Foul Ball, location: 2F
0-1: Ball
1-1: Fly out, F9 (Line Drive, 9, EV 87.5 MPH)
Batting: RHB Bill Melton 0-0: Ground out 5-3 (Groundball, 5S, EV 72.5 MPH)
Top of the 2nd over - 0 runs, 0 hits, 0 errors, 1 left on base; Cincinnati 0 - Pittsburgh 0
BOTTOM OF THE 2ND
Pittsburgh Pirates batting - Pitching for Cincinnati Reds : RHP Tony Guzman
Batting: SHB John Shelby 0-0: Foul Ball, location: 2F
0-1: Ball
1-1: Swinging Strike
1-2: Strikes out swinging
Batting: SHB Ron Oester 0-0: Ball
1-0: Called Strike
1-1: Ground out U3 (Groundball, 3, EV 88.1 MPH)
Batting: RHB Frank Hunsaker 0-0: Ball
1-0: Foul Ball, location: 2F
1-1: SINGLE (Groundball, 56, EV 99.4 MPH)
Batting: LHB Juan Agosto 0-0: Foul Ball, location: 2F
0-1: Ground out 4-3 (Groundball, 4, EV 98.1 MPH)
Bottom of the 2nd over - 0 runs, 1 hit, 0 errors, 1 left on base; Cincinnati 0 - Pittsburgh 0
TOP OF THE 3RD
Cincinnati Reds batting - Pitching for Pittsburgh Pirates : LHP Juan Agosto
Batting: RHB Jesus Alfaro 0-0: Ball
1-0: Called Strike
1-1: Fly out, F8 (Flyball, 8RXD, EV 93.8 MPH)
Batting: RHB Tony Guzman 0-0: Ball
1-0: Foul Ball, location: 2F
1-1: SINGLE (Line Drive, 8RS, EV 88.1 MPH)
Batting: RHB Jim Anderson 0-0: Fly out, F4 (Popup, 34, EV 70.0 MPH)
Batting: RHB Nick Deurloo 0-0: Ball
1-0: 2-RUN HOME RUN (Flyball, 7LD, EV 108.8 MPH), Distance : 350 ft
Batting: LHB Mike Easler 0-0: Foul Ball, location: 2F
0-1: Ball
1-1: Ball
2-1: DOUBLE (Line Drive, 78D, EV 110.0 MPH)
Batting: RHB Johnny Bench 0-0: Foul Ball, location: 2F
0-1: Ball
1-1: Ground out 1-3 (Groundball, 13S, EV 70.6 MPH)
Top of the 3rd over - 2 runs, 3 hits, 0 errors, 1 left on base; Cincinnati 2 - Pittsburgh 0
BOTTOM OF THE 3RD
Pittsburgh Pirates batting - Pitching for Cincinnati Reds : RHP Tony Guzman
Batting: RHB Dan Gladden 0-0: Ball
1-0: Ball
2-0: Swinging Strike
2-1: Swinging Strike
2-2: Ball
3-2: Strikes out looking
Batting: RHB Mike C Brown 0-0: Ball
1-0: Called Strike
1-1: SINGLE (Groundball, 56D, EV 105.0 MPH)
Batting: RHB Rennie Stennett 0-0: Ball
1-0: Ball
2-0: Ball
3-0: Base on Balls
Mike C Brown to second
Batting: LHB Robert Lopez 0-0: Ball
1-0: Ball
2-0: Foul Ball, location: 2F
2-1: DOUBLE (Flyball, 9LM, EV 95.0 MPH)
Mike C Brown scores
Rennie Stennett to third
Runner from 3rd tries for Home, SAFE, throw by RF to trailing runner, SAFE at third!
Batting: LHB Greg Walker 0-0: Ball
1-0: Ball
2-0: SINGLE (Flyball, 5D, EV 95.0 MPH)
Robert Lopez scores
Batting: SHB John Shelby 0-0: Ball
1-0: Swinging Strike
1-1: Fielders Choice at 2nd, 6-4 (Groundball, 6, EV 84.4 MPH)
Batting: SHB Ron Oester 0-0: Ball
1-0: Ball
2-0: Ball
3-0: Base on Balls
John Shelby to second
Batting: RHB Frank Hunsaker 0-0: Called Strike
0-1: Ball
1-1: Swinging Strike
1-2: Ground out 4-3 (Groundball, 4D, EV 88.8 MPH)
Bottom of the 3rd over - 3 runs, 3 hits, 0 errors, 2 left on base; Cincinnati 2 - Pittsburgh 3
TOP OF THE 4TH
Cincinnati Reds batting - Pitching for Pittsburgh Pirates : LHP Juan Agosto
Batting: LHB Darrell Evans 0-0: Ball
1-0: Called Strike
1-1: Fly out, F8 (Flyball, 8RD, EV 106.9 MPH)
Batting: RHB Gary Matthews 0-0: Called Strike
0-1: Ball
1-1: Ball
2-1: Ball
3-1: Foul Ball, location: 2F
3-2: Foul Ball, location: 2F
3-2: Base on Balls
Batting: RHB Bill Melton 0-0: Ball
1-0: Ball
2-0: Foul Ball, location: 2F
2-1: Called Strike
2-2: Strikes out looking
Batting: RHB Jesus Alfaro 0-0: Ball
1-0: Swinging Strike
1-1: Swinging Strike
1-2: Ball
2-2: Ball
3-2: Base on Balls
Gary Matthews to second
Batting: RHB Tony Guzman 0-0: Ball
1-0: Swinging Strike
1-1: Ball
2-1: Ball
3-1: Called Strike
3-2: Strikes out swinging
Top of the 4th over - 0 runs, 0 hits, 0 errors, 2 left on base; Cincinnati 2 - Pittsburgh 3
BOTTOM OF THE 4TH
Pittsburgh Pirates batting - Pitching for Cincinnati Reds : RHP Tony Guzman
Batting: LHB Juan Agosto 0-0: Ball
1-0: Swinging Strike
1-1: Foul Ball, location: 2F
1-2: Ground out 6-3 (Groundball, 6M, EV 100.0 MPH)
Batting: RHB Dan Gladden 0-0: Swinging Strike
0-1: Foul Ball, location: 2F
0-2: SINGLE (Groundball, P, EV 78.8 MPH) (infield hit)
Batting: RHB Mike C Brown Pickoff Throw to First - Error! E1
Dan Gladden to second
0-0: Ball
Dan Gladden steals 3rd, throwing error, E2
Dan Gladden scores
1-0: Fly out, F9 (Line Drive, 9, EV 85.6 MPH)
Batting: RHB Rennie Stennett 0-0: Foul Ball, location: 2F
0-1: Foul Ball, location: 2F
0-2: Ball
1-2: Foul Ball, location: 2F
1-2: Foul Ball, location: 2F
1-2: Ball
2-2: Ball
3-2: Fly out, F4 (Popup, 4D, EV 64.4 MPH)
Bottom of the 4th over - 1 run, 1 hit, 2 errors, 0 left on base; Cincinnati 2 - Pittsburgh 4
TOP OF THE 5TH
Cincinnati Reds batting - Pitching for Pittsburgh Pirates : LHP Juan Agosto
Batting: RHB Jim Anderson 0-0: Called Strike
0-1: Ball
1-1: Ball
2-1: Called Strike
2-2: Ball
3-2: Fly out, F8 (Flyball, 8RXD, EV 105.0 MPH)
Batting: RHB Nick Deurloo 0-0: Fly out, F9 (Flyball, 89D, EV 105.6 MPH)
Batting: LHB Mike Easler 0-0: Swinging Strike
0-1: Foul Ball, location: 2F
0-2: Ball
1-2: Ball
2-2: Strikes out looking
Top of the 5th over - 0 runs, 0 hits, 0 errors, 0 left on base; Cincinnati 2 - Pittsburgh 4
BOTTOM OF THE 5TH
Pittsburgh Pirates batting - Pitching for Cincinnati Reds : RHP Tony Guzman
Batting: LHB Robert Lopez 0-0: Swinging Strike
0-1: Swinging Strike
0-2: Ball
1-2: Ground out U3 (Groundball, 3L, EV 85.6 MPH)
Batting: LHB Greg Walker 0-0: Foul Ball, location: 2F
0-1: SINGLE (Flyball, 7LS, EV 94.4 MPH)
Batting: SHB John Shelby 0-0: Ball
1-0: Ball
2-0: Called Strike
2-1: Foul Ball, location: 2F
2-2: SINGLE (Flyball, 56D, EV 86.3 MPH)
Greg Walker to second
Batting: SHB Ron Oester 0-0: Ball
1-0: Ball
2-0: Ball
3-0: Base on Balls
Greg Walker to third
John Shelby to second
Batting: RHB Frank Hunsaker 0-0: Ball
1-0: Called Strike
1-1: DOUBLE (Groundball, 5L, EV 101.9 MPH)
Greg Walker scores
John Shelby scores
Ron Oester to third
Runner from 3rd tries for Home, throw by LF and OUT! 7-6-2
Frank Hunsaker to third
Batting: LHB Juan Agosto 0-0: Called Strike
0-1: Ball
1-1: Called Strike
1-2: Ground out U3 (Groundball, 3, EV 85.0 MPH)
Bottom of the 5th over - 2 runs, 3 hits, 0 errors, 1 left on base; Cincinnati 2 - Pittsburgh 6
TOP OF THE 6TH
Cincinnati Reds batting - Pitching for Pittsburgh Pirates : LHP Juan Agosto
Batting: RHB Johnny Bench 0-0: Ball
1-0: Called Strike
1-1: Fly out, F9 (Flyball, 89M, EV 78.1 MPH)
Batting: LHB Darrell Evans 0-0: Ground out 4-3 (Groundball, 4, EV 101.9 MPH)
Batting: RHB Gary Matthews 0-0: Ball
1-0: Fly out, F8 (Flyball, 78D, EV 100.6 MPH)
Top of the 6th over - 0 runs, 0 hits, 0 errors, 0 left on base; Cincinnati 2 - Pittsburgh 6
BOTTOM OF THE 6TH
Pittsburgh Pirates batting - Pitching for Cincinnati Reds : RHP Tony Guzman
Batting: RHB Dan Gladden 0-0: Ball
1-0: Foul Ball, location: 2F
1-1: SINGLE (Groundball, 34D, EV 104.4 MPH)
Batting: RHB Mike C Brown 0-0: Called Strike
0-1: Ball
1-1: Ball
2-1: Foul Ball, location: 2F
2-2: 2-RUN HOME RUN (Flyball, 78XD, EV 103.1 MPH), Distance : 408 ft
Pitching: RHP Mike Rowland
Batting: RHB Rennie Stennett 0-0: Called Strike
0-1: Fly out, F8 (Flyball, 89D, EV 90.6 MPH)
Batting: LHB Robert Lopez 0-0: Called Strike
0-1: Swinging Strike
0-2: Ball
1-2: SINGLE (Groundball, 15S, EV 63.1 MPH) (infield hit)
Batting: LHB Greg Walker 0-0: Ball
1-0: Foul Ball, location: 2F
1-1: Fielders Choice at 2nd, 4-6 (Groundball, 34D, EV 78.1 MPH)
Batting: SHB John Shelby 0-0: Ball
1-0: SINGLE (Flyball, 9S, EV 94.4 MPH)
Greg Walker to second
Runner from 2nd tries for 3rd, SAFE, throw by RF made to third
Batting: SHB Ron Oester 0-0: Called Strike
0-1: Ground out 4-3 (Groundball, 34D, EV 105.0 MPH)
Bottom of the 6th over - 2 runs, 4 hits, 0 errors, 2 left on base; Cincinnati 2 - Pittsburgh 8
TOP OF THE 7TH
Cincinnati Reds batting - Pitching for Pittsburgh Pirates : LHP Juan Agosto
Batting: RHB Bill Melton 0-0: Ball
1-0: Fly out, F4 (Popup, 4S, EV 64.4 MPH)
Batting: RHB Jesus Alfaro 0-0: Ball
1-0: Ground out 6-3 (Groundball, 6S, EV 90.0 MPH)
Pinch Hitting: LHB Jim Bennett 0-0: Ground out 4-3 (Groundball, 4, EV 85.0 MPH)
Top of the 7th over - 0 runs, 0 hits, 0 errors, 0 left on base; Cincinnati 2 - Pittsburgh 8
BOTTOM OF THE 7TH
Pittsburgh Pirates batting - Pitching for Cincinnati Reds : RHP Mike Rowland
Pitching: LHP Al Hrabosky
Batting: RHB Frank Hunsaker 0-0: Ball
1-0: Ground out U3 (Groundball, 34S, EV 85.6 MPH)
Batting: LHB Juan Agosto 0-0: Ball
1-0: Swinging Strike
1-1: Ball
2-1: Ball
3-1: Swinging Strike
3-2: Base on Balls
Batting: RHB Dan Gladden 0-0: Called Strike
0-1: Ball
1-1: Foul Ball, location: 2F
1-2: Foul Ball, location: 2F
1-2: Foul Ball, location: 2F
1-2: Ball
2-2: Ball
3-2: SINGLE (Groundball, 34D, EV 101.3 MPH)
Juan Agosto to second
Runner from 2nd tries for 3rd, SAFE, no throw by RF
Batting: RHB Mike C Brown 0-0: Foul Ball, location: 2F
0-1: Foul Ball, location: 2F
0-2: Ball
1-2: Foul Ball, location: 2F
1-2: Ball
2-2: Foul Ball, location: 2F
2-2: SINGLE (Line Drive, 78M, EV 95.0 MPH)
Juan Agosto scores
Dan Gladden to second
Dan Gladden to third
Pinch Hitting: RHB William Max 0-0: Ball
1-0: Fielders Choice at 2nd, 6-4 (Groundball, 6, EV 83.8 MPH)
Dan Gladden scores
Batting: LHB Robert Lopez 0-0: Ball
1-0: Ball
2-0: Called Strike
2-1: Called Strike
2-2: Foul Ball, location: 2F
2-2: Ball
3-2: Ground out 4-3 (Groundball, 4, EV 105.6 MPH)
Bottom of the 7th over - 2 runs, 2 hits, 0 errors, 1 left on base; Cincinnati 2 - Pittsburgh 10
TOP OF THE 8TH
Cincinnati Reds batting - Pitching for Pittsburgh Pirates : LHP Juan Agosto
Now at 3B: William Max
Batting: RHB Jim Anderson 0-0: SINGLE (Groundball, 34S, EV 83.1 MPH) (infield hit)
Batting: RHB Nick Deurloo 0-0: Ball
1-0: Ball
Wild Pitch!
Jim Anderson to second
2-0: Swinging Strike
2-1: Ball
3-1: Foul Ball, location: 2F
3-2: Foul Ball, location: 2F
3-2: DOUBLE (Flyball, 89XD, EV 101.9 MPH)
Jim Anderson scores
Batting: LHB Mike Easler 0-0: Ball
1-0: TRIPLE (Flyball, 89XD, EV 103.1 MPH)
Nick Deurloo scores
Batting: RHB Johnny Bench 0-0: Called Strike
0-1: Ball
1-1: Ball
2-1: Ground out 6-3 (Groundball, 6D, EV 89.4 MPH)
Mike Easler scores
Batting: LHB Darrell Evans 0-0: Called Strike
0-1: Foul Ball, location: 2F
0-2: Foul Ball, location: 2F
0-2: Foul Ball, location: 2F
0-2: Foul Ball, location: 2F
0-2: Ball
1-2: Ball
2-2: Ball
3-2: Fly out, F7 (Line Drive, 7, EV 86.3 MPH)
Batting: RHB Gary Matthews 0-0: Called Strike
0-1: Foul Ball, location: 2F
0-2: Ball
1-2: Strikes out swinging
Top of the 8th over - 3 runs, 3 hits, 0 errors, 0 left on base; Cincinnati 5 - Pittsburgh 10
BOTTOM OF THE 8TH
Pittsburgh Pirates batting - Pitching for Cincinnati Reds : LHP Al Hrabosky
Batting: LHB Greg Walker 0-0: Ball
1-0: Fly out, F8 (Flyball, 8RM, EV 79.4 MPH)
Batting: SHB John Shelby 0-0: Swinging Strike
0-1: SINGLE (Groundball, 4MD, EV 94.4 MPH)
Batting: SHB Ron Oester 0-0: Called Strike
0-1: Swinging Strike
0-2: Ball
1-2: Grounds into double play, 5-4-3 (Groundball, 5, EV 90.0 MPH)
Bottom of the 8th over - 0 runs, 1 hit, 0 errors, 0 left on base; Cincinnati 5 - Pittsburgh 10
TOP OF THE 9TH
Cincinnati Reds batting - Pitching for Pittsburgh Pirates : LHP Juan Agosto
Pitching: RHP Mike Smithson
Batting: RHB Bill Melton 0-0: Ball
1-0: Ground out U3 (Groundball, 34, EV 107.5 MPH)
Batting: RHB Jesus Alfaro 0-0: Foul Ball, location: 2F
0-1: Swinging Strike
0-2: Ball
1-2: Ball
2-2: Foul Ball, location: 2F
2-2: Foul Ball, location: 2F
2-2: Ball
3-2: Base on Balls
Pinch Hitting: LHB Joseph Talley 0-0: Ball
1-0: Foul Ball, location: 2F
1-1: Called Strike
1-2: Ball
2-2: DOUBLE (Flyball, 8RXD, EV 102.5 MPH)
Jesus Alfaro to third
Batting: RHB Jim Anderson 0-0: Ball
1-0: Ball
2-0: Ball
3-0: Base on Balls
Batting: RHB Nick Deurloo 0-0: Ball
1-0: Foul Ball, location: 2F
1-1: Fielders Choice at 2nd, 3-6 (Groundball, 34, EV 98.8 MPH)
Jesus Alfaro scores
Joseph Talley to third
Batting: LHB Mike Easler 0-0: Called Strike
0-1: Ball
1-1: Swinging Strike
1-2: Strikes out swinging
Top of the 9th over - 1 run, 1 hit, 0 errors, 2 left on base; Cincinnati 6 - Pittsburgh 10
Friday, July 31st, 2020 - OOTP Baseball 21.5 Build 76